 Dungeon Crawl Stone Soup version 0.31.0-9-g3a7656b989 (webtiles) character file.

Game seed: 2945271613695291803

31 qw the Shooter (level 3, -1/20 HPs)
             Began as a Deep Elf Hunter on Feb 2, 2024.
             Succumbed to their own poison gas
             ... on level 1 of the Dungeon.
             The game lasted 00:00:02 (717 turns).

qw the Shooter (Deep Elf Hunter)                     Turns: 717, Time: 00:00:03

Health: -1/20      AC:  4    Str: 10    XL:     3   Next: 7%
Magic:  5/5        EV: 12    Int: 13    God:
Gold:   17         SH:  0    Dex: 18    Spells: 2/2 levels left

rFire   . . .        a - +0 shortbow
rCold   . . .        (shield currently unavailable)
rNeg    . . .        c - +0 leather armour
rPois   .            (no helmet)
rElec   .            (no cloak)
rCorr   .            (no gloves)
SInv    .            g - +0 pair of boots
Will    .....        (no amulet)
Stlth   ++           (no ring)
HPRegen 0.23/turn    (no ring)
MPRegen 0.09/turn

%: no passive effects
@: lethally poisoned (-1 -> -25)
A: no striking features
a: no special abilities


You were on level 1 of the Dungeon.
You visited 1 branch of the dungeon, and saw 1 of its levels.

You collected 32 gold pieces.
You spent 15 gold pieces at shops.


   Skills:
 - Level 1.5 Fighting
 + Level 6.7 Ranged Weapons
 - Level 2.4 Dodging
 - Level 1.2 Stealth


You had 2 spell levels left.
You didn't know any spells.
Your spell library was empty.

Inventory:

Hand Weapons
 a - a +0 shortbow (weapon)
Armour
 c - a +0 leather armour (worn)
 g - a +0 pair of boots (worn)
Potions
 d - a potion of heal wounds {unknown}
 i - a potion of enlightenment {unknown}
 k - a potion of curing {unknown}

Dungeon Overview and Level Annotations

Branches:
Dungeon (1/15)

Altars:

Shops:
D:1 [[*


Message History

Your surroundings suddenly seem different.
Done exploring.
611 ||| READING scroll labelled LONAUN GIPPU.
As you read the scroll labelled LONAUN GIPPU, it crumbles to dust.
A wave of despondency washes over your surroundings.
It was a scroll of vulnerability.
You start waiting.
You feel your willpower return.
Done waiting.
Done exploring.
712 ||| READING scroll labelled FOGEOM YNAFUPP.
The air fills with toxic fumes!
As you read the scroll labelled FOGEOM YNAFUPP, it crumbles to dust.
It was a scroll of poison.
Done exploring.
713 ||| READING scroll labelled ORROCI SIUPNA.
As you read the scroll labelled ORROCI SIUPNA, it crumbles to dust.
You feel momentarily disoriented.
It was a scroll of revelation.
Done exploring.
714 ||| DROPPING scroll of butterflies.
You drop a scroll of butterflies.
Done exploring.
What level of the Dungeon? (default 1, ? - help) Sorry, I don't know how to get there.
Enter note:
Enter note:
Enter note:
Enter note:
Enter note:
Enter note:
Enter note:
Enter note:
Enter note: You are engulfed in poison gas.
You are poisoned.
You feel very sick.
716 ||| Stepping ~*~*~tactically~*~*~ (cloud).
You open the door.
You are engulfed in poison gas.
You are lethally poisoned!
You feel extremely sick.
717 ||| Stepping ~*~*~tactically~*~*~ (cloud).
You die...

..# #.##.############# #.##
#.##.############# #..##
##.##.#############
#...####..)0¤######¤0.###########
..........##¤¤¤0¤¤¤¤#¤###........
#....###.###¤¤0¤¤¤0¤¤¤¤...%......
...#.#...###¤¤¤¤¤¤?¤#.##...)....(
...#.#.....#¤¤¤¤¤¤¤¤#............
.....#####.#####@##¤#..#.........
.#.#........####.##.####.........
##.#.#..##...###.##.####.........
...#.#..##.......##..............
##.#.#..##+#.###>#######.####'###
...#.#..#.....##..####...# #.#
...+.#..'......#..## #.######.###
...###.##....#..))%###.#......#..
...###'########..#............+..


There were no monsters in sight!

Vanquished Creatures
  4 bats (D:1)
  An endoplasm (D:1)
  A giant cockroach (D:1)
  2 goblins (D:1)
  2 hobgoblins (D:1)
  3 jackals (D:1)
  6 kobolds (D:1)
  A quokka (D:1)
  3 frilled lizards (D:1)
  4 rats (D:1)
27 creatures vanquished.

Notes
Turn   | Place    | Note
-------+----------+-------------------------------------------
     0 | D:1      | qw the Deep Elf Hunter began the quest for the Orb.
     0 | D:1      | Reached XP level 1. HP: 12/12 MP: 3/3
     0 | D:1      | 0 ||| qw: Version: 0.3-a-155-g5e7d8dd
     0 | D:1      | 0 ||| qw: Game counter: 1809
     0 | D:1      | 0 ||| qw: Melee chars always use a shield: true
     0 | D:1      | 0 ||| qw: God list: Okawaru
     0 | D:1      | 0 ||| qw: Allow faded altars: false
     0 | D:1      | 0 ||| qw: Do Orc after clearing Dungeon:15 true
     0 | D:1      | 0 ||| qw: Do second Lair branch before Depths: true
     0 | D:1      | 0 ||| qw: Lair rune preference: random
     0 | D:1      | 0 ||| qw: Goals: Normal
     0 | D:1      | 0 ||| PLANNING D:1-11
    87 | D:1      | Reached XP level 2. HP: 16/16 MP: 4/4
    89 | D:1      | Reached skill level 6 in Ranged Weapons
   246 | D:1      | Found Veulac's Assorted Antiques.
   251 | D:1      | 251 ||| BUYING clear potion (15 gold).
   251 | D:1      | Bought a clear potion for 15 gold pieces
   251 | D:1      | 251 ||| SHOPLISTING scroll labelled AKHYCVEFOU (17 gold,
                  | have 2).
   251 | D:1      | 251 ||| SHOPLISTING scroll labelled FUOMOI ERIL (17 gold,
                  | have 2).
   251 | D:1      | 251 ||| SHOPLISTING scroll labelled NUCUYR LOAXTO (17 gold,
                  | have 2).
   251 | D:1      | 251 ||| SHOPLISTING scroll labelled ZOMAAJ JEYDY (17 gold,
                  | have 2).
   251 | D:1      | 251 ||| SHOPLISTING silvery potion (15 gold, have 2).
   394 | D:1      | Reached XP level 3. HP: 20/20 MP: 5/5
   488 | D:1      | Found Igrad's Armour Emporium.
   490 | D:1      | Found Xacs's Antique Armour Boutique.
   498 | D:1      | 498 ||| SHOPLISTING +0 ring mail (56 gold, have 17).
   498 | D:1      | 498 ||| SHOPLISTING +0 scale mail (56 gold, have 17).
   498 | D:1      | 498 ||| SHOPLISTING +2 robe (177 gold, have 17).
   522 | D:1      | 522 ||| SHOPLISTING embroidered cloak (150 gold, have 17).
   522 | D:1      | 522 ||| SHOPLISTING ring mail (80 gold, have 17).
   601 | D:1      | 601 ||| UPGRADING to +0 pair of boots.
   606 | D:1      | 606 ||| READING scroll labelled OFONKUIBUG.
   611 | D:1      | 611 ||| READING scroll labelled LONAUN GIPPU.
   712 | D:1      | 712 ||| READING scroll labelled FOGEOM YNAFUPP.
   713 | D:1      | 713 ||| READING scroll labelled ORROCI SIUPNA.
   714 | D:1      | 714 ||| DROPPING scroll of butterflies.
   716 | D:1      | 716 ||| Stepping ~*~*~tactically~*~*~ (cloud).
   716 | D:1      | HP: 4/20 [poisoned by you (poison gas)]
   717 | D:1      | 717 ||| Stepping ~*~*~tactically~*~*~ (cloud).
   717 | D:1      | Succumbed to their own poison gas

Levels and vault maps discovered:
D:1:      mrwooster_arrival_statue, layout_basic, serial_shops,
          nicolae_shop_window_shopping, nicolae_shop_hallway_stairs, shop

Skill      XL: |  1  2 |
---------------+-------+-----
Ranged Weapons | 6 |  6.7
Fighting       | |  1.5
Dodging        | |  2.4
Stealth        | |  1.2

Action                     || total
---------------------------++-------
   Fire: Shortbow          ||    94
    Use: Scroll            ||     4
 Armour: Leather armour    ||    15
  Dodge: Dodged            ||    28

Table legend:
 A = Non-vault XP
 B = Vault XP
 C = Vault XP percentage of total XP
 D = Non-vault monster count
 E = Vault monster count
 F = Vault count percentage of total count
                 A         B        C        D         E       F
            +---------+---------+-------+---------+---------+-------
      Total |      45 |       0 |   0.0 |      27 |       0 |   0.0
            +---------+---------+-------+---------+---------+-------
        D:1 |      45 |       0 |   0.0 |      27 |       0 |   0.0
            +---------+---------+-------+---------+---------+-------
